[Event "Azerbaijan Championship 2021"]
[Site "Nakhchivan"]
[Date "2021.05.12"]
[Round "9.3"]
[White "Muradli, Mahammad"]
[Black "Asadli, Vugar"]
[Result "1/2-1/2"]
[ECO "D81"]
[WhiteElo "2449"]
[BlackElo "2572"]
[Annotator "ChessBase"]
[PlyCount "120"]
[EventDate "2021.05.04"]
[EventType "tourn"]
[EventCountry "AZE"]
[SourceTitle "playchess.com"]
[Source "ChessBase"]
[SourceQuality "1"]
[TimeControl "40/5400+30:1800+30"]

1. d4 Nf6 2. c4 g6 3. Nc3 d5 4. Qb3 dxc4 5. Qxc4 Bg7 6. e4 O-O 7. Be2 Nfd7 8. Be3 Nb6 9. Qc5 f5 10. f3 a5 11. O-O-O a4 12. a3 Nc6 13. d5 Na5 14. Kb1 Nd7 15. Qb4 c5 16. dxc6 Nxc6 17. Qc4+ Kh8 18. Nh3 Qa5 19. f4 Bxc3 20. Rd5 Bg7 21. Rxa5 Nxa5 22. Qxa4 fxe4 23. Rd1 Nf6 24. Nf2 Be6 25. Qb5 Rfc8 26. Bd4 Nb3 27. Bxf6 Bxf6 28. Nxe4 Bg7 29. Ng5 Bg8 30. Bg4 Rd8 31. Qb4 Rac8 32. Qe1 Rxd1+ 33. Qxd1 Rc1+ 34. Qxc1 Nxc1 35. Kxc1 Bd4 36. Kc2 Be3 37. g3 e5 38. Nh3 exf4 39. Nxf4 Bg1 40. h3 Bh2 41. Bf3 b6 42. Ne2 Bc4 43. g4 Bxe2 44. Bxe2 Kg7 45. Bc4 Kf6 46. Bg8 h6 47. b4 Ke5 48. Bf7 g5 49. Kc3 Bg1 50. Kc4 Kd6 51. Kb5 Bf2 52. Bg6 Bg1 53. Ka6 Kc7 54. Be4 Bf2 55. a4 Bg1 56. Kb5 Bf2 57. Kc4 Kd6 58. Kb5 Kc7 59. Kc4 Kd6 60. Kb5 Kc7 1/2-1/2

[Event "Azerbaijan Championship 2021"]
[Site "Nakhchivan"]
[Date "2021.05.12"]
[Round "9.4"]
[White "Abbasov, Farid"]
[Black "Suleymanli, Aydin"]
[Result "1/2-1/2"]
[ECO "A60"]
[WhiteElo "2528"]
[BlackElo "2535"]
[Annotator "ChessBase"]
[PlyCount "33"]
[EventDate "2021.05.04"]
[EventType "tourn"]
[EventCountry "AZE"]
[SourceTitle "playchess.com"]
[Source "ChessBase"]
[SourceQuality "1"]
[TimeControl "40/5400+30:1800+30"]

1. d4 Nf6 2. c4 c5 3. d5 e6 4. Nc3 exd5 5. cxd5 g6 6. e4 d6 7. h3 Bg7 8. Nf3 O-O 9. Bd3 Re8 10. O-O a6 11. a4 Nbd7 12. Re1 Nh5 13. Bg5 Bf6 14. Bh6 Bg7 15. Bg5 Bf6 16. Bh6 Bg7 17. Bg5 1/2-1/2

[Event "Azerbaijan Championship 2021"]
[Site "Nakhchivan"]
[Date "2021.05.12"]
[Round "9.5"]
[White "Iskandarov, Misratdin"]
[Black "Garayev, Kanan"]
[Result "0-1"]
[ECO "C55"]
[WhiteElo "2535"]
[BlackElo "2331"]
[Annotator "ChessBase"]
[PlyCount "84"]
[EventDate "2021.05.04"]
[EventType "tourn"]
[EventCountry "AZE"]
[SourceTitle "playchess.com"]
[Source "ChessBase"]
[SourceQuality "1"]
[TimeControl "40/5400+30:1800+30"]

1. e4 e5 2. Bc4 Nf6 3. d3 Nc6 4. Nf3 h6 5. c3 d6 6. O-O g5 7. Nbd2 Bg7 8. Bb3 O-O 9. Nc4 Be6 10. d4 exd4 11. Nxd4 Nxd4 12. Qxd4 c5 13. Qe3 Re8 14. Nd2 Bxb3 15. axb3 Qe7 16. Ra4 b5 17. Ra6 Nxe4 18. Nxe4 Qxe4 19. Rxd6 b4 20. c4 a5 21. Rfd1 a4 22. bxa4 Qxc4 23. Qf3 Qe2 24. Be3 Qxb2 25. Bxc5 Qc3 26. Qxc3 bxc3 27. Be3 Rxa4 28. Rc6 f5 29. h3 f4 30. Bb6 Ra6 31. Rd7 Rxb6 32. Rxb6 c2 33. Rc6 Re1+ 34. Kh2 c1=Q 35. Rxc1 Rxc1 36. h4 g4 37. f3 Rc2 38. Rd3 Be5 39. fxg4 f3+ 40. Kg1 fxg2 41. g5 Bc7 42. Rb3 Bd6 0-1

[Event "Azerbaijan Championship 2021"]
[Site "Nakhchivan"]
[Date "2021.05.12"]
[Round "9.6"]
[White "Gadimbayli, Abdulla"]
[Black "Sevdimaliyev, Urfan"]
[Result "1/2-1/2"]
[ECO "C07"]
[WhiteElo "2470"]
[BlackElo "2371"]
[Annotator "ChessBase"]
[PlyCount "88"]
[EventDate "2021.05.04"]
[EventType "tourn"]
[EventCountry "AZE"]
[SourceTitle "playchess.com"]
[Source "ChessBase"]
[SourceQuality "1"]
[TimeControl "40/5400+30:1800+30"]

1. e4 e6 2. d4 d5 3. Nd2 c5 4. exd5 Qxd5 5. Ngf3 cxd4 6. Bc4 Qd6 7. O-O Nf6 8. Nb3 Nc6 9. Nbxd4 Nxd4 10. Nxd4 a6 11. Re1 Qc7 12. Bf1 Be7 13. Qf3 O-O 14. Bf4 Bd6 15. Bxd6 Qxd6 16. Rad1 Qb6 17. Qb3 Qc7 18. Qc4 Qxc4 19. Bxc4 b5 20. Bf1 Bb7 21. c3 Nd5 22. c4 bxc4 23. Bxc4 Nb6 24. Bb3 Rfd8 25. f3 a5 26. Nb5 a4 27. Bc2 Bc6 28. Nc3 Nd5 29. Nxd5 Bxd5 30. Be4 Bxe4 31. Rxd8+ Rxd8 32. Rxe4 g5 33. Kf2 a3 34. bxa3 Rd2+ 35. Re2 Rd3 36. Re3 Rd2+ 37. Re2 Rd3 38. Ke1 Rxa3 39. Kd1 f5 40. Kc1 Ra8 41. Kb2 Kf7 42. Rc2 Rb8+ 43. Kc1 Ra8 44. Kb2 Rb8+ 1/2-1/2

[Event "Azerbaijan Championship 2021"]
[Site "Nakhchivan"]
[Date "2021.05.13"]
[Round "10.4"]
[White "Abbasov, Farid"]
[Black "Iskandarov, Misratdin"]
[Result "1/2-1/2"]
[ECO "D85"]
[WhiteElo "2528"]
[BlackElo "2535"]
[Annotator "ChessBase"]
[PlyCount "183"]
[EventDate "2021.05.04"]
[EventType "tourn"]
[EventCountry "AZE"]
[SourceTitle "playchess.com"]
[Source "ChessBase"]
[SourceQuality "1"]
[TimeControl "40/5400+30:1800+30"]

1. d4 Nf6 2. c4 g6 3. Nc3 d5 4. cxd5 Nxd5 5. e4 Nxc3 6. bxc3 Bg7 7. Qa4+ Nd7 8. Be3 O-O 9. Rd1 a6 10. Qa3 c5 11. Nf3 Qc7 12. Bd3 b5 13. O-O Bb7 14. d5 Rfe8 15. Qc1 Qa5 16. c4 Qxa2 17. cxb5 Rec8 18. Bh6 Bxh6 19. Qxh6 c4 20. Qh3 Nf8 21. Bb1 Qb2 22. Qh4 Re8 23. bxa6 Bxa6 24. Rfe1 c3 25. Rc1 e6 26. Qf6 exd5 27. Ne5 Rxe5 28. Qxe5 d4 29. Qxd4 Rc8 30. Rc2 Ne6 31. Qf6 Qb4 32. Ba2 Qd4 33. Qe7 Bc4 34. Qb4 Bxa2 35. Qa3 Bb1 36. Rxb1 Qxe4 37. Qa6 Qxc2 38. Qxc8+ Kg7 39. Rf1 Nf4 40. Qc5 Ne2+ 41. Kh1 Qd2 42. Qe5+ Kh6 43. f4 f5 44. Qe7 Nxf4 45. Qh4+ Nh5 46. Qb4 Qe3 47. Qf8+ Ng7 48. Qa3 Nh5 49. Rc1 Nf4 50. Qxc3 Nd3 51. Rc2 Nf2+ 52. Kg1 Nh3+ 53. Kf1 Qg1+ 54. Ke2 Qxg2+ 55. Kd1 Qg1+ 56. Qe1 Qg4+ 57. Qe2 Qa4 58. Qc4 Qa1+ 59. Kd2 f4 60. Qe4 Qa5+ 61. Kc1 Qa3+ 62. Kb1 Qb3+ 63. Kc1 Qa3+ 64. Kb1 Qd6 65. Rc6 Qd1+ 66. Kb2 Qf1 67. Rc2 Ng5 68. Qe5 Kh5 69. Qd5 h6 70. Qc5 Qe1 71. Rc4 Kg4 72. Rc1 Qe2+ 73. Rc2 Qe3 74. Qd6 Qe4 75. Qd7+ Qe6 76. Rg2+ Kf5 77. Qxe6+ Nxe6 78. Kc1 g5 79. Kd1 f3 80. Ra2 Nf4 81. Ke1 Nd3+ 82. Kf1 h5 83. Ra3 Ke4 84. Ra4+ Ke3 85. Ra5 Kf4 86. Ra4+ Kf5 87. Ra3 Ne5 88. Kf2 g4 89. h3 Kf4 90. Ra4+ Kg5 91. hxg4 hxg4 92. Kg3 1/2-1/2

[Event "Azerbaijan Championship 2021"]
[Site "Nakhchivan"]
[Date "2021.05.14"]
[Round "11.6"]
[White "Gadimbayli, Abdulla"]
[Black "Abbasov, Farid"]
[Result "0-1"]
[ECO "C01"]
[WhiteElo "2470"]
[BlackElo "2528"]
[Annotator "ChessBase"]
[PlyCount "144"]
[EventDate "2021.05.04"]
[EventType "tourn"]
[EventCountry "AZE"]
[SourceTitle "playchess.com"]
[Source "ChessBase"]
[SourceQuality "1"]
[TimeControl "40/5400+30:1800+30"]

1. e4 e6 2. d4 d5 3. exd5 exd5 4. Nf3 Nc6 5. Nc3 Bb4 6. Bd3 Bg4 7. O-O Nge7 8. Be3 Qd7 9. a3 Bd6 10. Nb5 h6 11. Re1 O-O 12. h3 Bh5 13. Nxd6 Qxd6 14. g4 Bg6 15. Ne5 Bxd3 16. Qxd3 f5 17. f4 Nxe5 18. dxe5 Qe6 19. Bc5 fxg4 20. Bxe7 Qxe7 21. Qxd5+ Kh8 22. Qe4 gxh3 23. Re3 Qe6 24. Rf1 Qg4+ 25. Kh2 Rad8 26. Rf2 Rd1 27. Rg3 Qf5 28. Qxf5 Rxf5 29. Rxh3 Kg8 30. Rc3 Rd7 31. Kg3 Kf7 32. Rff3 Ke6 33. Rc4 g5 34. fxg5 Rxg5+ 35. Kh4 Kxe5 36. Re3+ Kf6 37. Rce4 Rf7 38. Rf3+ Kg7 39. Ref4 Rxf4+ 40. Rxf4 Rc5 41. c3 Kg6 42. Rf8 Rc4+ 43. Kg3 a5 44. Kf3 a4 45. Rb8 b6 46. Rg8+ Kf7 47. Rh8 Kg7 48. Re8 h5 49. Re6 Kf7 50. Rh6 Rc5 51. Rh8 Kg7 52. Ra8 Rc4 53. Rd8 Kf6 54. Rd5 Kg6 55. Re5 Rc5 56. Re7 Kg5 57. Kg3 Kf6 58. Re4 b5 59. Re8 Rc4 60. Rh8 Rg4+ 61. Kf3 Kg5 62. Rc8 Rf4+ 63. Kg2 Rc4 64. Rf8 Kg4 65. Rf7 Rc5 66. Rf6 Rd5 67. Rf2 Rd3 68. Rc2 c6 69. Re2 Kf5 70. Kh2 c5 71. Kg2 c4 72. Kh2 h4 0-1